 Dungeon Crawl Stone Soup version 0.30-a0-475-g03497ec522 (webtiles) character file.

Game seed: 6218439559552328038

14056 billz999 the Fighter (level 12, -7/100 HPs)
             Began as a Djinni Fire Elementalist on Dec 20, 2022.
             Was an Initiate of Gozag.
             Mangled by Erolcha
             ... wielding a +0 giant spiked club
              (38 damage)
             ... on level 10 of the Dungeon.
             The game lasted 00:39:42 (12339 turns).

billz999 the Fighter (Djinni Fire Elementalist)    Turns: 12339, Time: 00:39:43

Health: -7/100     AC:  8    Str:  7    XL:     12   Next: 40%
Gold:   1898       EV: 12    Int: 33    God:    Gozag SH:  0 Dex: 15

rFire   + + .      SeeInvis .    H - +6 long sword (vamp)
rCold   x . .      Faith    .    (no shield)
rNeg    . . .      Spirit   .    y - +0 swamp dragon scales
rPois   ∞          Reflect  .    (no helmet)
rElec   .          Harm     .    (no cloak)
rCorr   .          Rampage  .    G - +0 pair of gloves
Will    +....                    (boots unavailable)
Stlth   +.........               (no amulet)
HPRegen 0.36/turn                u - +6 ring of intelligence
MPRegen 0.00/turn                p - +6 ring of intelligence

@: gold aura, flying
A: sickness immunity, fire resistance 2, cold vulnerability 1, float, innate
caster, HP casting, extra vitality 1
a: Renounce Religion, Potion Petition, Call Merchant, Bribe Branch


You were on level 10 of the Dungeon.
You worshipped Gozag.
Gozag was most pleased with you.
You visited 1 branch of the dungeon, and saw 11 of its levels.
You also visited: Sewer.

You collected 1976 gold pieces.
You paid 78 gold pieces to Gozag.

Inventory:

Hand Weapons
 b - a +0 club
 c - a +0 trident of venom
 l - a +1 falchion
 s - a +2 dagger of freezing
 x - a +2 dagger of venom
 H - a +6 vampiric long sword (weapon)
Armour
 a - a +0 robe
 y - +0 swamp dragon scales (worn)
 G - a +0 pair of gloves (worn)
Jewellery
 d - the ring of Ninn {rElec rCorr Str+4}
   (You found it on level 9 of the Dungeon)

   [ring of resist corrosion]

   Str:       It affects your strength (+4).
   rElec:     It insulates you from electricity.
   rCorr:     It protects you from acid and corrosion.
 g - a +4 ring of evasion
 i - a ring of protection from cold
 p - a +6 ring of intelligence (right hand)
 u - a +6 ring of intelligence (left hand)
 D - a ring of positive energy
Wands
 o - a wand of quicksilver (5)
 E - a wand of paralysis (8)
Scrolls
 h - a scroll of identify
 j - a scroll of poison
 k - a scroll of silence
 n - 7 scrolls of teleportation
 q - a scroll of fear
 v - 2 scrolls of blinking
Potions
 e - a potion of mutation
 f - 5 potions of curing
 m - 2 potions of lignification
 r - a potion of magic
 w - a potion of brilliance
 A - a potion of berserk rage
 B - 2 potions of might
 C - a potion of heal wounds


   Skills:
 - Level 14.2 Fighting
 + Level 6.8 Long Blades
 - Level 6.5 Dodging
 - Level 1.5 Stealth
 - Level 7.2 Spellcasting


You couldn't memorise any spells.
You knew the following spells:

 Your Spells              Type           Power      Damage    Failure   Level
a - Foxfire               Conj/Fire      100%       2x1d9     1%          1
b - Scorch                Fire           100%       2d10      1%          2
c - Kindle Blastsparks    Fire/Tloc/Air  100%       2d18      1%          3
d - Inner Flame           Hex/Fire       56%        N/A       1%          3
e - Flame Wave            Conj/Fire      56%        2d13      7%          4
f - Apportation           Tloc           100%       N/A       1%          1
g - Poisonous Vapours     Pois/Air       100%       N/A       1%          2
h - Spider Form           Tmut/Pois      56%        N/A       1%          3
i - Olgreb's Toxic Radia  Pois           56%        N/A       7%          4
j - Ice Form              Ice/Tmut       56%        N/A       7%          4
Your spell library was empty.

Dungeon Overview and Level Annotations

Branches:
Dungeon (11/15)            Temple (0/1) D:6             Orc (0/2) D:9
  Sewer (visited)
   Lair: D:8-11

Altars:
Elyvilon
Gozag
Wu Jian
Xom

Annotations:
D:10 1 runed translucent door, DeathPants's ghost, journeyman VSEn; Erolcha


Innate Abilities, Weirdness & Mutations

You are immune to sickness and miasma.
You are immune to poison.
Your flesh is very heat resistant. (rF++)
You are vulnerable to cold. (rC-)
You float through the air rather than walking.
You learn spells naturally, not from books.
Your magical power is your life essence.
You have superior vitality. (+4 MHP)


Message History

Confirm with . or Enter, or press ? or * to list all spells.
Aiming: Poisonous Vapours (safe; 1% risk of failure)
Press: ? - help, Dir - move target, f - gnoll
Aim: a gnoll, wielding a +0 spear (severely wounded, very poisoned) Poisonous vapours surround the gnoll!
The gnoll looks as sick as possible!
Unknown command.
Okay, then.
You kill the gnoll!
An orc comes into view. It is wielding a +0 spear.
Casting: Poisonous Vapours (safe; 1% risk of failure)
Confirm with . or Enter, or press ? or * to list all spells.
Flames lash the orc.
You kill the orc!
You hear a splash.
Unknown command.
Casting: Scorch (safe; 1% risk of failure)
Confirm with . or Enter, or press ? or * to list all spells.
You can't see any susceptible monsters within range! (Use Z to cast anyway.) Unknown command.
You hear the creaking of a portcullis very nearby.
Casting: Scorch (safe; 1% risk of failure)
Confirm with . or Enter, or press ? or * to list all spells.
You can't see any susceptible monsters within range! (Use Z to cast anyway.)
Something hits you!!!
* * * LOW HITPOINT WARNING * * *
Casting: Scorch (safe; 1% risk of failure)
Confirm with . or Enter, or press ? or * to list all spells.
You can't see any susceptible monsters within range! (Use Z to cast anyway.) Unknown command.
You feel much better.
Casting: Scorch (safe; 1% risk of failure)
Confirm with . or Enter, or press ? or * to list all spells.
You can't see any susceptible monsters within range! (Use Z to cast anyway.) Unknown command.
Your magical effects are unravelling.
You feel magically purged.
You are no longer corroded.
Something hits you!!!
You die...
Your body crumbles into a pile of gold.

.......#.........~.#
.................~.#
.................$.#
......<.........$~.#
.............$...$.#
...............$.$.#
...........$.....~.#
.................~##
...............#@~#
...........)..###~#
#.....###......# ~~§
... #.......###... #
#........# ..... ##
. ............ ....
.#.. ..............
... ....
..................
....
................


There were no monsters in sight!

Vanquished Creatures
  A two-headed ogre (D:7)
  A boulder beetle (D:7)
  Pikel (D:7)
  A manticore (D:11)
  A cyclops (D:7)
  Joseph (D:7)
  Maggie (D:6)
  An unseen horror (D:7)
  2 kobold demonologists (D:10)
  A troll (D:9)
  Prince Ribbit (D:7)
  A wraith (D:7)
  A shadow (D:11)
  24 yaks
  A steam dragon (D:8)
  Edmund (D:6)
  An acid dragon (D:10)
  2 water moccasins
  2 orc warriors
  3 black bears
  2 ice beasts
  A sky beast (D:7)
  6 centaurs
  A phantom (D:6)
  A wolf (D:10)
  4 kobold brigands
  8 bullfrogs
  2 necrophages
  3 gnoll sergeants
  6 scorpions
  19 wights
  7 killer bees (D:9)
  5 howler monkeys
  4 hounds
  3 jellies (D:6)
  5 orc priests
  A gnoll bouda (D:10)
  6 iguanas
  15 orc wizards
  19 gnolls
  14 adders
  2 white imps (D:7)
  An ufetubus (D:6)
  2 worms
  A dart slug (D:1)
  41 orcs
  13 ball pythons
  13 endoplasms
  13 giant cockroaches
  9 goblins
  11 hobgoblins
  8 jackals
  14 quokkas
  15 bats
  4 frilled lizards
  19 kobolds
  7 rats
353 creatures vanquished.

Vanquished Creatures (others)
  368 foxfires
  14 fungi (D:5)
  A plant (D:6)
383 creatures vanquished.

Grand Total: 736 creatures vanquished

Notes
Turn   | Place    | Note
-------+----------+-------------------------------------------
     0 | D:1      | billz999 the Djinni Fire Elementalist began the quest for
                  | the Orb.
     0 | D:1      | billz999 set off with the following spells memorised:
                  | Foxfire, Scorch, Kindle Blastsparks, Inner Flame, Flame
                  | Wave.
     0 | D:1      | Reached XP level 1. HP: 15/15 MP: 0/0
    54 | D:1      | Reached XP level 2. HP: 17/21 MP: 0/0
   397 | D:1      | Reached XP level 3. HP: 24/25 MP: 0/0
   397 | D:1      | Learned a level 1 spell: Apportation
   778 | D:2      | Reached XP level 4. HP: 20/31 MP: 0/0
  1228 | D:3      | Found a shimmering altar of Xom.
  1414 | D:3      | Reached XP level 5. HP: 5/35 MP: 0/0
  1414 | D:3      | Learned a level 2 spell: Poisonous Vapours
  1414 | D:3      | Gained mutation: You have sharp fingernails. [potion of
                  | mutation]
  1414 | D:3      | Lost mutation: You have sharp fingernails. [potion of
                  | mutation]
  2371 | D:4      | Reached XP level 6. HP: 34/40 MP: 0/0
  2489 | D:4      | Reached skill level 5 in Spellcasting
  2489 | D:4      | Reached skill level 1 in Fighting
  2594 | D:4      | Reached skill level 2 in Fighting
  2763 | D:4      | Reached skill level 3 in Fighting
  2901 | D:4      | Reached XP level 7. HP: 49/50 MP: 0/0
  2901 | D:4      | Learned a level 3 spell: Spider Form
  3137 | D:5      | Entered Level 5 of the Dungeon
  3137 | D:5      | Found a glowing drain.
  3150 | D:4      | Reached skill level 4 in Fighting
  3307 | Sewer    | Entered a sewer
  3844 | Sewer    | Reached skill level 5 in Fighting
  4041 | D:5      | Reached skill level 6 in Fighting
  4041 | D:5      | Reached XP level 8. HP: 39/61 MP: 0/0
  4610 | D:5      | Reached skill level 7 in Fighting
  4787 | D:5      | Found an ornate altar of the Wu Jian Council.
  5092 | D:5      | Reached skill level 8 in Fighting
  5275 | D:5      | Found the +7 Singing Sword {vorpal, sonic wave}
  5456 | D:5      | Found an opulent altar of Gozag.
  5462 | D:5      | Became a worshipper of Gozag Ym Sagoz the Greedy
  5482 | D:6      | Reached XP level 9. HP: 65/71 MP: 0/0
  5482 | D:6      | Learned a level 4 spell: Olgreb's Toxic Radiance
  5712 | D:6      | Noticed Edmund
  5717 | D:6      | Noticed Maggie
  5723 | D:6      | Killed Edmund
  6022 | D:6      | Killed Maggie
  6199 | D:6      | Found a staircase to the Ecumenical Temple.
  6542 | D:7      | Reached skill level 9 in Fighting
  6549 | D:7      | Reached XP level 10. HP: 19/78 MP: 0/0
  6790 | D:7      | Noticed a boulder beetle
  6799 | D:7      | Reached skill level 10 in Fighting
  6803 | D:7      | Killed a boulder beetle
  6804 | D:7      | Reached skill level 11 in Fighting
  7203 | D:7      | Noticed Prince Ribbit
  7213 | D:7      | Killed Prince Ribbit
  7243 | D:7      | Noticed a cyclops
  7260 | D:7      | Killed a cyclops
  7261 | D:7      | Reached skill level 12 in Fighting
  7290 | D:7      | Noticed Pikel
  7295 | D:7      | Killed Pikel
  7438 | D:7      | Noticed a two-headed ogre
  7447 | D:7      | Killed a two-headed ogre
  7448 | D:7      | Reached skill level 13 in Fighting
  7448 | D:7      | Reached XP level 11. HP: 53/92 MP: 0/0
  7448 | D:7      | Learned a level 4 spell: Ice Form
  8113 | D:7      | Identified the +2 pair of boots "Beprajod" {Rampage rF+
                  | Dex+2}
  8177 | D:7      | Noticed Joseph
  8188 | D:7      | Killed Joseph
  8556 | D:8      | Reached skill level 14 in Fighting
 10181 | D:9      | Reached skill level 5 in Dodging
 10278 | D:9      | Identified the ring of Ninn {rElec rCorr Str+4}
 10283 | D:9      | Found a white marble altar of Elyvilon.
 10515 | D:9      | Found a staircase to the Orcish Mines.
 10688 | D:9      | Reached skill level 1 in Long Blades
 11056 | D:9      | You are sucked into a shaft and drop 2 floors!
 11138 | D:11     | Reached XP level 12. HP: 51/100 MP: 0/0
 11697 | D:11     | Reached skill level 5 in Long Blades
 12131 | D:10     | Entered Level 10 of the Dungeon
 12243 | D:10     | Found a runed translucent door.
 12243 | D:10     | Noticed DeathPants's ghost (journeyman VSEn)
 12322 | D:10     | Noticed Erolcha
 12339 | D:10     | Mangled by Erolcha

Illustrated notes

Levels and vault maps discovered:
D:1:      roderic_chinese_lattice_arrival, layout_basic, hex_tiny
D:2:      layout_rooms
D:3:      layout_loops_ring, mainiacjoe_overflow_catwalk
D:4:      layout_gridville
D:5:      old_forge, layout_basic, mainiacjoe_overflow_alcove_4,
          mainiacjoe_overflow_small_starburst, portal_sewer_entry_f
D:6:      layout_cave_pools, minmay_temple_entry_glass, minmay_holes,
          serial_bayou_pond_c, uniq_edmund, uniq_maggie
D:7:      minmay_the_grid_plus [minmay_the_grid_spikes,
          minmay_the_grid_pillar_ring, minmay_the_grid_all_tris,
          minmay_the_grid_diamond_grid, minmay_the_grid_prize_trominoes],
          layout_basic, lemuel_blue_sif_altar, serial_bayou_pond_e,
          grunt_ministairs_10, uniq_joseph, uniq_prince_ribbit1, uniq_pikel
D:8:      layout_basic, minmay_misc_feat_more_columns
D:9:      layout_irregular_city, elyvilon_altar_4
D:10:     layout_big_octagon, kennysheep_mini, lair_entry_dummy,
          hellmonk_ghost_happy_afterlife, lightli_bailey_entry_fortress,
          serial_gnoll_camp, gnoll_camp_mini_basic, gnoll_camp_mini_hut,
          gnoll_camp_mini_hut, gnoll_camp_mini_house, gnoll_camp_mini_house,
          uniq_josephine, uniq_erolcha
D:11:     layout_basic

Skill      XL: |  1  2  3  4  5  6  7  8  9 10 11 12 |
---------------+-------------------------------------+-----
Spellcasting   | 3 4 5 7 |  7.2
Fighting       | 3 6 8 9 13 14 | 14.2
Dodging        | 6 |  6.5
Long Blades    | 3 6 |  6.8
Stealth        | |  1.5

Action                   |  1- 3 |  4- 6 |  7- 9 | 10-12 || total
-------------------------+-------+-------+-------+-------++-------
Melee: Club              |     4 |       |       |       ||     4
       Falchion          |     5 |     5 |       |       ||    10
       Trident           |       |    15 |    16 |       ||    31
       Unarmed           |       |       |    11 |       ||    11
       Dagger            |       |       |    17 |    13 ||    30
       Long sword        |       |       |       |     9 ||     9
 Cast: Foxfire           |    31 |    31 |    75 |    78 ||   215
       Scorch            |     8 |    22 |    15 |    62 ||   107
       Apportation       |     1 |       |       |       ||     1
       Kindle Blastspark |       |     1 |     4 |     2 ||     7
       Poisonous Vapours |       |    41 |    87 |    89 ||   217
       Flame Wave        |       |     2 |    13 |    33 ||    48
       Spider Form       |       |       |     1 |       ||     1
       Olgreb's Toxic Ra |       |       |     2 |    48 ||    50
  Use: Scroll            |     2 |     1 |       |    15 ||    18
       Potion            |       |     4 |     3 |     3 ||    10
 Stab: Sleeping          |       |       |     1 |       ||     1
Armor: Robe              |     1 |     5 |    11 |       ||    17
       Skin              |       |     1 |     1 |       ||     2
       Swamp dragon scal |       |       |     1 |    26 ||    27
Dodge: Dodged            |     4 |    12 |    84 |    46 ||   146

Table legend: (Time is in decaauts)
 A = Elapsed time spent in this place.
 B = Non-inter-level travel time spent in this place.
 C = Inter-level travel time spent in this place.
 D = Time resting spent in this place.
 E = Time spent auto-exploring this place.
 F = Levels seen in this place.
 G = Mean time per level.
                   A        B        C        D        E       F      G
               +--------+--------+--------+--------+--------+-----+--------+
         Total |  12339 |  12024 |    315 |   2050 |   8201 |  12 | 1028.2 |
       Dungeon |  11635 |  11320 |    315 |   1690 |   8027 |  11 | 1057.7 |
         Sewer |    704 |    704 |      0 |    360 |    174 |   1 |  704.0 |
               +--------+--------+--------+--------+--------+-----+--------+

Top non-repeatable levels by time:
     D:7: 1836 daAuts
     D:5: 1786 daAuts
     D:8: 1628 daAuts
    D:11: 1076 daAuts
     D:3: 1059 daAuts
     D:4: 973 daAuts
     D:6: 938 daAuts
     D:9: 904 daAuts
   Sewer: 704 daAuts
     D:1: 635 daAuts
     D:2: 589 daAuts
    D:10: 205 daAuts
